 Dungeon Crawl Stone Soup version 0.29.1-1-gd02db6906a (webtiles) character file.

Game seed: 16570730885211731528

1136 Demigod47 the Covered (level 8, 0/69 HPs)
             Began as a Minotaur Fighter on Oct 7, 2022.
             Killed from afar by a white imp (7 damage)
             ... with a puff of frost
             ... on level 6 of the Dungeon.
             The game lasted 00:10:21 (5529 turns).

Demigod47 the Covered (Minotaur Fighter)            Turns: 5529, Time: 00:10:21

Health: 0/69       AC: 10    Str: 23    XL:     8   Next: 14%
Magic:  0/7        EV: 10    Int:  5    God:
Gold:   242        SH:  5    Dex: 10    Spells: 7/7 levels left

rFire   . . .      SeeInvis .   a - +0 flail
rCold   . . .      Faith    .   c - +0 buckler
rNeg    . . .      Spirit   +   b - +0 scale mail
rPois   .          Reflect  .   (helmet restricted)
rElec   .          Harm     .   u - +0 cloak
rCorr   .          Rampage  .   (no gloves)
Will    .....                   o - +0 pair of boots
Stlth   ..........              i - amulet of guardian spirit
HPRegen 0.21/turn               (no ring)
MPRegen 0.10/turn               (no ring)

@: no status effects
A: horns 2, retaliatory headbutt
a: no special abilities


You were on level 6 of the Dungeon.
You visited 1 branch of the dungeon, and saw 6 of its levels.
You also visited: Sewer.

You collected 242 gold pieces.

Inventory:

Hand Weapons
 a - a +0 flail (weapon)
Missiles
 t - 2 boomerangs (quivered)
Armour
 b - a +0 scale mail (worn)
 c - a +0 buckler (worn)
 o - a +0 pair of boots (worn)
 u - a +0 cloak (worn)
Jewellery
 i - an amulet of guardian spirit (around neck)
Wands
 d - a wand of charming (11)
 r - a wand of roots (14)
Scrolls
 e - a scroll of identify {unknown}
 f - 3 scrolls of fear {unknown}
 g - 2 scrolls of enchant armour {unknown}
 h - a scroll of vulnerability {unknown}
 j - a scroll of acquirement {unknown}
 k - a scroll of brand weapon {unknown}
 p - a scroll of poison
 q - 2 scrolls of immolation {unknown}
 s - a scroll of magic mapping {unknown}
 v - a scroll of noise {unknown}
 w - a scroll of butterflies {unknown}
Potions
 l - 3 potions of flight
 n - 2 potions of curing


   Skills:
 + Level 5.5 Fighting
 + Level 7.2 Maces & Flails
 + Level 7.3 Armour
 + Level 2.4 Dodging
 + Level 1.0 Stealth
 + Level 5.4 Shields


You had 7 spell levels left.
You didn't know any spells.
Your spell library contained the following spells:

 Spells                   Type           Power      Damage    Failure   Level
 Foxfire                  Conj/Fire      0%         2x1d4     83%         1
 Magic Dart               Conj           0%         1d3       83%         1
 Sting                    Tmut/Pois      0%         1d3       83%         1
 Summon Small Mammal      Summ           0%         N/A       83%         1
 Call Imp                 Summ           0%         N/A       93%         2
 Poisonous Vapours        Pois/Air       0%         N/A       93%         2
 Call Canine Familiar     Summ           0%         N/A       99%         3
 Conjure Flame            Conj/Fire      0%         6-21      99%         3
 Ignite Poison            Fire/Tmut/Pois 0%         N/A       99%         3
 Inner Flame              Hex/Fire       0%         N/A       99%         3
 Mephitic Cloud           Conj/Pois/Air  0%         N/A       99%         3
 Summon Guardian Golem    Hex/Summ       0%         N/A       99%         3
 Flame Wave               Conj/Fire      0%         2d4       100%        4
 Olgreb's Toxic Radiance  Pois           0%         N/A       100%        4
 Freezing Cloud           Conj/Ice/Air   0%         6-21      100%        5


Dungeon Overview and Level Annotations

Branches:
Dungeon (6/15)              Sewer (visited)
 Temple: D:4-7

Altars:


Innate Abilities, Weirdness & Mutations

You have a pair of horns on your head.
You reflexively headbutt those who attack you in melee.


Message History

The orc priest mumbles some strange prayers to Beogh against you.
Beogh smites you! Something hits you but does no damage.
Unknown command.
You sock the orc priest!
The orc priest is almost dead.
The white imp hits you but does no damage.
The orc priest mumbles some strange prayers to Beogh against you.
Beogh smites you!
The orc priest hits you but does no damage.
Something hits you but does no damage.
You hit the orc priest but do no damage.
The orc priest is almost dead.
The white imp barely misses you. You furiously retaliate!
You headbutt the white imp, but do no damage.
You block the orc priest's attack.
The orc priest miscasts a cantrip.
Something hits you but does no damage.
You closely miss the orc priest.
The orc priest is almost dead.
The white imp barely misses you. You furiously retaliate!
You headbutt the white imp.
The orc priest calls down the wrath of Beogh upon you.
You struggle to resist.
The orc priest mumbles some strange prayers to Beogh against you.
Beogh smites you!
* * * LOW HITPOINT WARNING * * *
You block something's attack.
The orc priest hits you but does no damage.
You hear some strange, mumbled words.
A magic dart appears from out of thin air!
The magic dart hits you!
* * * LOW HITPOINT WARNING * * *
The white imp gestures at you. The puff of frost misses you.
The orc priest hits you with a +0 club.
* * * LOW HITPOINT WARNING * * *
You closely miss the orc priest.
The orc priest is almost dead.
The white imp gestures at you. The puff of frost hits you!
You die...

#.<........
#..........
#..........
#..>.......
##........#
#........## .
..........#####...
#.......oo{..).....
#.......5@.....#
#..................
#..................
.........(...####
#............#
##############


You could see 2 orc priests and a white imp.

Vanquished Creatures
  A black bear (D:5)
  2 ogres
  2 bullfrogs
  3 scorpions (D:4)
  A howler monkey (D:5)
  4 hounds
  2 orc priests
  2 iguanas
  3 orc wizards
  3 gnolls (D:2)
  5 adders
  A white imp (D:6)
  An ufetubus (D:5)
  2 worms
  3 dart slugs
  12 orcs
  12 ball pythons
  17 endoplasms
  4 giant cockroaches
  4 goblins
  11 hobgoblins
  3 jackals (D:1)
  4 kobolds
  11 quokkas
  3 bats
  14 frilled lizards
  12 rats
  A spectral hobgoblin (D:1)
143 creatures vanquished.

Vanquished Creatures (others)
  A gnoll (D:2)
  A worm (D:2)
2 creatures vanquished.

Grand Total: 145 creatures vanquished

Notes
Turn   | Place    | Note
-------+----------+-------------------------------------------
     0 | D:1      | Demigod47 the Minotaur Fighter began the quest for the Orb.
     0 | D:1      | Reached XP level 1. HP: 19/19 MP: 0/0
   183 | D:1      | Reached XP level 2. HP: 23/27 MP: 1/1
   461 | D:1      | Found a faded altar of an unknown god.
   626 | D:1      | Reached XP level 3. HP: 33/33 MP: 2/2
  1383 | D:2      | Reached XP level 4. HP: 32/40 MP: 3/3
  2462 | D:3      | Found a glowing drain.
  2474 | Sewer    | Entered a sewer
  2862 | Sewer    | Reached XP level 5. HP: 41/47 MP: 4/4
  3069 | Sewer    | Reached skill level 5 in Armour
  3350 | D:3      | Reached skill level 1 in Dodging
  3647 | D:4      | Reached XP level 6. HP: 31/53 MP: 5/5
  3869 | D:4      | Reached skill level 5 in Maces & Flails
  4017 | D:4      | Reached skill level 5 in Fighting
  4097 | D:4      | Reached XP level 7. HP: 49/61 MP: 4/6
  4497 | D:5      | Entered Level 5 of the Dungeon
  4571 | D:5      | Reached skill level 5 in Shields
  4597 | D:5      | Reached XP level 8. HP: 38/69 MP: 5/7
  5522 | D:6      | Reached skill level 1 in Stealth
  5529 | D:6      | Killed from afar by a white imp

Illustrated notes

Levels and vault maps discovered:
D:1:      saegor_arrival_fortress, layout_basic,
          dreamdust_ecumenical_altar_drowned_temple
D:2:      layout_basic, lemuel_flame_loot_1
D:3:      layout_loops_corners, portal_sewer_entry_a
D:4:      layout_loops_ring
D:5:      layout_rooms
D:6:      corexii_shantytown, layout_rooms,
          lemuel_mausoleum_altar_kikubaaqudgha, minmay_temple_entry_glass,
          serial_shops, nicolae_shop_competitors_out_of_business,
          nicolae_diamond_shop, nicolae_shop_advertising_works
          [nicolae_subvault_shop_adworks]

Skill      XL: |  1  2  3  4  5  6  7  8 |
---------------+-------------------------+-----
Fighting       | 4 5 |  5.5
Armour         | 4 5 6 7 |  7.3
Shields        | 4 5 |  5.4
Maces & Flails | 3 4 5 6 7 |  7.2
Dodging        | 1 2 |  2.4
Stealth        | 1 |  1.0

Action                   |  1- 3 |  4- 6 |  7- 9 || total
-------------------------+-------+-------+-------++-------
Melee: Flail             |    86 |   187 |    92 ||   365
       Headbutt          |    11 |    20 |    12 ||    43
  Use: Potion            |     2 |     2 |     1 ||     5
       Scroll            |     1 |       |     1 ||     2
Armor: Scale mail        |    38 |    65 |    59 ||   162
Dodge: Dodged            |    40 |   100 |    54 ||   194
Block: Buckler           |    24 |    41 |    18 ||    83
